 Dungeon Crawl Stone Soup version 0.30-a0-860-g512cf1e979 (webtiles) character file.

Game seed: 14269351884548863006

780 juan097 the Cutter (level 7, 0/45 HPs)
             Began as an Octopode Brigand on Mar 7, 2023.
             Slain by a phantom (1 damage)
             ... on level 4 of the Dungeon.
             The game lasted 00:16:24 (4085 turns).

juan097 the Cutter (Octopode Brigand)               Turns: 4085, Time: 00:16:24

Health: 0/45       AC:  1    Str: 10    XL:     7   Next: 85%
Magic:  7/7        EV: 14    Int: 14    God:
Gold:   153        SH:  0    Dex: 15    Spells: 6/6 levels left

rFire   + . .      SeeInvis .    a - +2 dagger
rCold   + . .      Faith    .    (no shield)
rNeg    . . .      Spirit   .    (helmet restricted)
rPois   .          Reflect  .    (no amulet)
rElec   .          Rampage  .    u - ring of protection from cold
rCorr   .                        m - ring of protection from fire
Will    .....                    (no ring)
Stlth   ++++                     (no ring)
HPRegen 0.27/turn                (no ring)
MPRegen 0.10/turn                (no ring)
                                 (no ring)
                                 (no ring)

@: no status effects
A: almost no armour, amphibious, 8 rings, camouflage 1, gelatinous body 1,
(nimble swimmer 1), tentacles
a: no special abilities


You were on level 4 of the Dungeon.
You visited 1 branch of the dungeon, and saw 5 of its levels.
You also visited: Sewer.

You collected 276 gold pieces.
You spent 123 gold pieces at shops.

Inventory:

Hand Weapons
 a - a +2 dagger (weapon)
 b - a +0 sling
 k - a +0 heavy long sword
 E - the +5 woodcutter's axe
   (You found it on level 5 of the Dungeon)
Missiles
 c - 3 curare-tipped darts
 n - 11 poisoned darts (quivered)
 C - 3 atropa-tipped darts
Jewellery
 m - a ring of protection from fire (right tentacle)
 u - a ring of protection from cold (left tentacle)
Wands
 d - a wand of flame (11)
 y - a wand of light (8)
 B - a wand of paralysis (6)
Scrolls
 e - 3 scrolls of amnesia {unknown}
 g - 2 scrolls of enchant weapon
 i - a scroll of blinking
 j - a scroll of teleportation
 p - a scroll of poison {unknown}
 r - a scroll of immolation {unknown}
 v - a scroll of summoning {unknown}
 x - 2 scrolls of enchant armour {unknown}
 A - 2 scrolls of noise {unknown}
 D - a scroll of magic mapping {unknown}
Potions
 f - 4 potions of haste
 h - 2 potions of resistance
 o - a potion of cancellation
 q - 3 potions of degeneration {unknown}
 s - 2 potions of might {unknown}
 t - a potion of brilliance {unknown}
 w - 3 potions of mutation {unknown}
 z - a potion of heal wounds {unknown}


   Skills:
 + Level 2.6 Fighting
 + Level 6.2 Short Blades
 - Level 3.0 Throwing
 + Level 4.3 Dodging
 + Level 5.9 Stealth
 + Level 1.7 Evocations


You had 6 spell levels left.
You didn't know any spells.
Your spell library contained the following spells:

 Spells                   Type           Power      Damage    Failure   Level
 Shock                    Conj/Air       0%         1d3       28%         1
 Portal Projectile        Hex/Tloc       0%         N/A       65%         3
 Swiftness                Air            0%         N/A       65%         3
 Tukima's Dance           Hex            0%         N/A       65%         3
 Airstrike                Air            0%         2d(0-16)  96%         4
 Blade Hands              Tmut           0%         N/A       100%        5


Dungeon Overview and Level Annotations

Branches:
Dungeon (5/15)              Sewer (visited)
 Temple: D:4-7

Altars:
Vehumet

Shops:
D:3 *

Annotations:
D:4 Menkaure, Sigmund


Innate Abilities, Weirdness & Mutations

You cannot wear most types of armour.
You are amphibious.
You can wear up to eight rings at the same time.
Your skin changes colour to match your surroundings (Stealth+).
Your rubbery body absorbs attacks. (AC +1, EV +1)
((You are camouflaged when in or above water. (Stealth+)))
You have tentacles for arms and can constrict up to eight enemies at once.


Message History

You hit the phantom.
The phantom is lightly damaged.
The phantom hits you.
The phantom blinks!
You blink.
You hit the phantom.
The phantom is lightly damaged.
You hit the phantom. You squeeze the phantom.
The phantom is moderately damaged.
The phantom hits you.
The phantom blinks!
You blink.
You hit the phantom.
The phantom is heavily damaged.
The phantom hits you!
* * * LOW HITPOINT WARNING * * *
The phantom blinks!
You blink.
You hit the phantom. Your squeeze misses the phantom.
The phantom is severely damaged.
You hit the phantom.
The phantom is almost destroyed.
The phantom closely misses you.
You hit the phantom.
The phantom is almost destroyed.
The phantom closely misses you.
You closely miss the phantom.
The phantom is almost destroyed.
The phantom hits you.
* * * LOW HITPOINT WARNING * * *
The phantom blinks!
You blink.
You closely miss the phantom.
The phantom is almost destroyed.
You miss the phantom.
The goblin shouts!
Your squeeze misses the phantom.
The phantom is almost destroyed.
The phantom hits you.
* * * LOW HITPOINT WARNING * * *
The phantom blinks!
You blink.
Okay, then.
You hit the phantom but do no damage. Your squeeze misses the phantom.
The phantom is almost destroyed.
The phantom hits you.
You die...

####..#########.......O.....#
.{....# ######.......##
####.## #####....)## #.#
#####.g.......# #.#
#...O.#####.#.# ########
#.##### ###.#######
##...###..### #......##
##.....##..W.# ######.##
#)......#...@## #........
#.......#.....# #.####.##
#.......##....# #.# #.##
##.....###....# #.# ##.## # #
###...## ###..# #.# #...#
.#..####'########ยง#
#.###...# #.#.#...........).#
#.#...... #...#.....B.......#
#.#...... #<###.......g.....#
#.#......


You could see a phantom.

Vanquished Creatures
  An ice beast (D:5)
  An ogre (D:3)
  3 scorpions (D:4)
  2 hounds
  An orc priest (D:3)
  A jelly (D:4)
  2 iguanas (D:4)
  3 orc wizards
  A hell rat (Sewer)
  4 adders
  A river rat (Sewer)
  A shadow imp (D:5)
  3 worms
  2 dart slugs
  12 orcs
  3 bats
  3 endoplasms
  3 giant cockroaches
  6 goblins
  7 hobgoblins
  6 kobolds
  3 quokkas
  8 ball pythons
  4 frilled lizards
  16 rats
97 creatures vanquished.

Notes
Turn   | Place    | Note
-------+----------+-------------------------------------------
     0 | D:1      | juan097 the Octopode Brigand began the quest for the Orb.
     0 | D:1      | Reached XP level 1. HP: 14/14 MP: 1/1
   198 | D:1      | Reached XP level 2. HP: 19/19 MP: 2/2
   478 | D:1      | Reached XP level 3. HP: 24/24 MP: 3/3
   621 | D:2      | Reached skill level 3 in Short Blades
  1018 | D:2      | Reached XP level 4. HP: 24/29 MP: 4/4
  1047 | D:2      | Found a faded altar of an unknown god.
  1414 | D:3      | Noticed an ogre
  1526 | D:3      | Reached XP level 5. HP: 22/34 MP: 5/5
  1588 | D:3      | Reached skill level 4 in Short Blades
  1589 | D:3      | Found Lythuc's Assorted Antiques.
  1597 | D:3      | Bought a sedimented golden potion for 19 gold pieces
  1597 | D:3      | Bought a grey potion for 19 gold pieces
  1597 | D:3      | Bought a scroll labelled GUBEORGH VOARR for 22 gold pieces
  1597 | D:3      | Bought a red potion for 19 gold pieces
  1597 | D:3      | Bought a scroll of identify for 44 gold pieces
  1762 | D:3      | Found a glowing drain.
  1807 | Sewer    | Entered a sewer
  2068 | D:3      | Reached XP level 6. HP: 24/39 MP: 6/6
  2233 | D:4      | Noticed Menkaure
  2372 | D:4      | Reached skill level 5 in Short Blades
  2524 | D:4      | Reached XP level 7. HP: 42/45 MP: 7/7
  2539 | D:4      | Reached skill level 6 in Short Blades
  2750 | D:4      | Noticed Sigmund
  2765 | D:5      | Entered Level 5 of the Dungeon
  2867 | D:5      | Found the +5 woodcutter's axe
  3169 | D:5      | Reached skill level 1 in Evocations
  3695 | D:3      | Found a radiant altar of Vehumet.
  4084 | D:4      | HP: 1/45 [phantom (6)]
  4085 | D:4      | Slain by a phantom

Illustrated notes

Levels and vault maps discovered:
D:1:      matt_arrival_refuge, layout_basic, minmay_misc_feat_room
D:2:      layout_basic, basic_ecumenical_altar
D:3:      layout_basic, vehumet_altar_wand_db, cheibrodos_sewer_entry_bend,
          serial_shops, shop, st_stairs_4, minmay_misc_feat_x,
          nicolae_figureground_sparkle
D:4:      minmay_opposing_rooms, layout_loops_ring, uniq_sigmund, uniq_menkaure
D:5:      layout_layer_cave, serial_glass, glass_columns_a, glass_columns_a,
          glass_columns_a, glass_columns_a, glass_columns_a, glass_columns_a,
          glass_columns_c, glass_columns_a, glass_columns_a, glass_columns_a,
          due_unseen_surprise, feat_on_display

Skill      XL: |  1  2  3  4  5  6  7 |
---------------+----------------------+-----
Short Blades   | 3 4 5 6 |  6.2
Dodging        | 2 3 4 |  4.3
Throwing       | 3 |  3.0
Evocations     | 1 |  1.7
Fighting       | |  2.6
Stealth        | |  5.9

Action                     |  1- 3 |  4- 6 |  7- 9 || total
---------------------------+-------+-------+-------++-------
  Melee: Dagger            |    45 |   106 |    93 ||   244
         Constrict         |     5 |    23 |     9 ||    37
         Tentacles         |     4 |    21 |    13 ||    38
   Fire: Sling             |       |     8 |     3 ||    11
  Throw: Dart              |     3 |     6 |     5 ||    14
    Use: Scroll            |       |     5 |     5 ||    10
         Potion            |       |       |     5 ||     5
   Stab: Sleeping          |    22 |    16 |     5 ||    43
 Armour: Skin              |       |     2 |     3 ||     5
  Dodge: Dodged            |    10 |    34 |    44 ||    88

Table legend: (Time is in decaauts)
 A = Elapsed time spent in this place.
 B = Non-inter-level travel time spent in this place.
 C = Inter-level travel time spent in this place.
 D = Time resting spent in this place.
 E = Time spent auto-exploring this place.
 F = Levels seen in this place.
 G = Mean time per level.
                   A        B        C        D        E       F      G
               +--------+--------+--------+--------+--------+-----+--------+
         Total |   4008 |   3709 |    299 |    136 |   2377 |   6 |  668.0 |
       Dungeon |   3925 |   3626 |    299 |    136 |   2371 |   5 |  785.0 |
         Sewer |     82 |     82 |      0 |      0 |      6 |   1 |   82.0 |
               +--------+--------+--------+--------+--------+-----+--------+

Top non-repeatable levels by time:
     D:4: 1123 daAuts
     D:3: 896 daAuts
     D:2: 870 daAuts
     D:1: 605 daAuts
     D:5: 429 daAuts
   Sewer: 82 daAuts
